 Dungeon Crawl Stone Soup version 0.22.1-57-g7394efd (webtiles) character file.

47 SilentRunner the Conjurer (level 3, -2/19 HPs)
             Began as a Deep Elf Conjurer on Dec 29, 2018.
             Slain by an adder (3 damage)
             ... on level 4 of the Dungeon on Mar 7, 2019.
             The game lasted 00:08:40 (1393 turns).

SilentRunner the Conjurer (Deep Elf Conjurer)       Turns: 1393, Time: 00:08:41

Health: -2/19      AC:  3    Str:  2    XL:     3   Next: 48%
Magic:  5/10       EV: 13    Int: 20    God:
Gold:   26         SH:  0    Dex: 15    Spells: 8/9 levels left

rFire    . . .     SeeInvis .   f - +0 dagger
rCold    . . .     Gourm    .   (no shield)
rNeg     . . .     Faith    .   a - +0 robe
rPois    .         Spirit   .   (no helmet)
rElec    .         Reflect  .   (no cloak)
rCorr    .         Harm     .   j - +0 pair of gloves
MR       .....                  (no boots)
Stlth    ++........             (no amulet)
HPRegen  0.06/turn              k - -3 ring of strength (curse)
MPRegen  0.12/turn              (no ring)

@: lethally poisoned (-2 -> -23)
A: no striking features
a: no special abilities


You were on level 4 of the Dungeon.
You were not hungry.

You visited 1 branch of the dungeon, and saw 4 of its levels.

You collected 26 gold pieces.

Inventory:

Hand Weapons
 b - a +0 mace
 f - a +0 dagger (weapon)
Armour
 a - a +0 robe (worn)
 j - a +0 pair of gloves (worn)
Jewellery
 k - a cursed -3 ring of strength (left hand)
Scrolls
 d - a scroll of teleportation
 e - a scroll of fog {unknown}
 g - a scroll of fear
 h - a scroll of enchant armour {unknown}
 i - 4 scrolls of identify {unknown}


   Skills:
 + Level 2.5 Dodging
 + Level 2.6 Stealth
 + Level 3.5 Spellcasting
 + Level 5.4 Conjurations


You had 8 spell levels left.
You knew the following spells:

 Your Spells              Type           Power        Failure   Level  Hunger
a - Magic Dart            Conj           ####         1%          1    None

Your spell library contained the following spells:

 Spells                   Type           Power        Failure   Level  Hunger
 Searing Ray              Conj           ####..       2%          2    ##.....
 Dazzling Spray           Conj/Hex       ##....       13%         3    ###....
 Iskenderun's Mystic Bla  Conj           ####....     14%         4    ####...
 Force Lance              Conj/Tloc      ##......     41%         4    ####...
 Fulminant Prism          Conj/Hex       ##........   41%         4    ####...


Dungeon Overview and Level Annotations

Branches:
Dungeon (4/15)
 Temple: D:4-7

Altars:
Trog


Message History

* * * LOW HITPOINT WARNING * * *
You feel sick.
Found a runed marble ring, a spear and a coiled pewter amulet.
There is a stone staircase leading up here.
Casting: Magic Dart (safe; 1% risk of failure)
Confirm with . or Enter, or press ? or * to list all spells.
Aiming: Magic Dart (safe; 1% risk of failure)
Press: ? - help, Shift-Dir - straight line, f - adder
Aim: an adder (almost dead)
Okay, then.
Casting: Magic Dart (safe; 1% risk of failure)
Confirm with . or Enter, or press ? or * to list all spells.
Aiming: Magic Dart (safe; 1% risk of failure)
Press: ? - help, Shift-Dir - straight line, f - adder
Aim: an adder (almost dead)
The magic dart hits the adder.
The adder is almost dead.
* * * LOW HITPOINT WARNING * * *
You feel sick. The adder misses you. The adder bites you.
You die...

#
######.##
#.....=.#
#.......#
#.@S....#
#.........
#.......#.
#.......#
#......)#
##.#.####
..#"#
###.#


You could see an adder.

Vanquished Creatures
  An adder (D:2)
  2 leopard geckos (D:1)
  A giant cockroach (D:1)
  5 goblins
  3 hobgoblins
  5 jackals
  A quokka (D:3)
  A ball python (D:2)
  5 bats (D:1)
  A frilled lizard (D:1)
  4 kobolds
  4 rats (D:1)
33 creatures vanquished.

Notes
Turn   | Place    | Note
-------+----------+-------------------------------------------
     0 | D:1      | SilentRunner the Deep Elf Conjurer began the quest for the
                  | Orb.
     0 | D:1      | Reached XP level 1. HP: 10/10 MP: 6/6
    90 | D:1      | Reached XP level 2. HP: 14/15 MP: 2/8
   361 | D:1      | Reached skill level 5 in Conjurations
   384 | D:1      | Upgraded the game from 0.22.1-2-g9c5b331 to
                  | 0.22.1-6-g1668fe2
   644 | D:1      | Reached XP level 3. HP: 18/19 MP: 4/9
  1283 | D:3      | Found a bloodstained altar of Trog.
  1328 | D:3      | Upgraded the game from 0.22.1-6-g1668fe2 to
                  | 0.22.1-57-g7394efd
  1393 | D:4      | Slain by an adder

Skill      XL: |  1  2 |
---------------+-------+-----
Conjurations   | 5 |  5.4
Dodging        | |  2.5
Stealth        | |  2.6
Spellcasting   | |  3.5

Action                   || total
-------------------------++-------
Melee: Dagger            ||   206
 Cast: Magic Dart        ||    56
  Use: Scroll            ||     3
       Potion            ||     1
  Eat: Ration            ||     1
Armor: Robe              ||     7
Dodge: Dodged            ||    29
